 Dungeon Crawl Stone Soup version 0.26-a0-648-g87339cca5e (webtiles) character file.

Game seed: 258892515958340558

112 Descartes the Conjurer (level 4, -4/24 HPs)
             Began as a Deep Elf Conjurer on Sept 24, 2020.
             Killed by divine providence
             ... invoked by an orc priest
              (13 damage)
             ... on level 3 of the Dungeon.
             The game lasted 00:05:25 (2089 turns).

Descartes the Conjurer (Deep Elf Conjurer)          Turns: 2089, Time: 00:05:26

Health: -4/24      AC:  8    Str:  4    XL:     4   Next: 63%
Magic:  1/12       EV: 12    Int: 24    God:
Gold:   126        SH:  0    Dex: 13    Spells: 10/11 levels left

rFire    . . .     SeeInvis .   c - +3 dagger (elec)
rCold    . . .     Faith    .   (no shield)
rNeg     . . .     Spirit   .   i - +0 leather armour
rPois    .         Reflect  .   k - +0 helmet
rElec    .         Harm     .   (no cloak)
rCorr    .         Rampage  .   (no gloves)
MR       .....                  (no boots)
Stlth    ++........             (no amulet)
HPRegen  0.08/turn              o - +4 ring of protection
MPRegen  0.13/turn              (no ring)

@: no status effects
A: no striking features
a: no special abilities


You were on level 3 of the Dungeon.
You visited 1 branch of the dungeon, and saw 3 of its levels.

You collected 126 gold pieces.

Inventory:

Hand Weapons
 c - a +3 dagger of electrocution (weapon)
Missiles
 b - 28 arrows
 d - 55 stones (quivered)
 p - 39 poisoned darts
Armour
 a - a +0 robe
 i - a +0 leather armour (worn)
 k - a +0 helmet (worn)
Jewellery
 o - a +4 ring of protection (left hand)
Scrolls
 f - 2 scrolls of amnesia
 g - 4 scrolls of teleportation
Potions
 e - a potion of curing {unknown}
 m - a potion of cancellation {unknown}
 n - a potion of brilliance {unknown}


   Skills:
 + Level 3.6 Dodging
 + Level 3.7 Stealth
 + Level 4.2 Spellcasting
 + Level 5.0 Conjurations


You had 10 spell levels left.
You knew the following spells:

 Your Spells              Type           Power        Failure   Level
a - Magic Dart            Conj           ####         2%          1

Your spell library contained the following spells:

 Spells                   Type           Power        Failure   Level
 Searing Ray              Conj           ####..       3%          2
 Dazzling Flash           Conj/Hex       ###...       19%         3
 Fulminant Prism          Conj/Hex       ###.......   52%         4
 Iskenderun's Mystic Bla  Conj/Tloc      ###.....     52%         4


Dungeon Overview and Level Annotations

Branches:
Dungeon (3/15)

Altars:


Message History

Items here: $ ) ? †.
You hit Robin.
Robin is severely wounded.
Robin hits you but does no damage.
You hit Robin. Lightning courses through Robin!
You kill Robin!
The orc priest calls down the wrath of Beogh upon you.
Beogh smites you!
You hear a shout!
You closely miss the orc.
You hear the slow rusting of a distant drain.
An orc priest comes into view. It is wielding a +0 mace.
The orc hits you with a +0 hand axe.
Your magical contamination has completely faded away.
You hit the orc.
The orc is heavily wounded.
The orc priest calls down the wrath of Beogh upon you.
Beogh smites you!
Ouch! That really hurt!
You die...

.... ... #.. #.#####
#...#.....#
###...#.....#
........o...#
##....#.o..g#
........###..)..
.##.#.#o# ... # #@# g
#.# #.# #.# #.# #.# .#
..##+#+#.#.# #!# .# .#
#......).#.###.###.#..#
#..........##......#..#


You could see 2 orc priests and an orc.

Vanquished Creatures
  Robin (D:3)
  3 adders (D:2)
  2 worms (D:2)
  A dart slug (D:2)
  A leopard gecko (D:1)
  2 ball pythons (D:2)
  6 bats
  2 giant cockroaches (D:1)
  15 goblins
  8 hobgoblins
  4 jackals
  2 frilled lizards
  7 kobolds
  5 rats
59 creatures vanquished.

Vanquished Creatures (others)
  8 plants (D:1)
8 creatures vanquished.

Grand Total: 67 creatures vanquished

Notes
Turn   | Place    | Note
-------+----------+-------------------------------------------
     0 | D:1      | Descartes the Deep Elf Conjurer began the quest for the
                  | Orb.
     0 | D:1      | Reached XP level 1. HP: 10/10 MP: 6/6
   275 | D:1      | Reached XP level 2. HP: 15/15 MP: 6/8
   712 | D:1      | You fall into a shaft and drop 1 floor!
   715 | D:2      | Reached XP level 3. HP: 19/19 MP: 6/10
   856 | D:2      | Found a faded altar of an unknown god.
  1092 | D:2      | Reached XP level 4. HP: 22/24 MP: 8/11
  1601 | D:1      | Reached skill level 5 in Conjurations
  2067 | D:3      | Identified the +2 helmet "Rizol" {rPois MR+ Int-2 Dex+6}
  2067 | D:3      | Noticed Robin
  2087 | D:3      | Killed Robin
  2089 | D:3      | Killed from afar by an orc priest

Illustrated notes

Levels and vault maps discovered:
D:1:      psy_arrival_spokes, layout_loops_ring, serial_bayou_pond_c,
          hangedman_decor_points
D:2:      layout_rooms, chequers_ecumenical_altar_island,
          minmay_misc_feat_rugged
D:3:      layout_basic, gup_sewer_entry_bubbles, uniq_robin

Skill      XL: |  1  2  3  4 |
---------------+-------------+-----
Dodging        | 3 |  3.6
Stealth        | 3 |  3.7
Spellcasting   | 4 |  4.2
Conjurations   | 5 |  5.0

Action                   |  1- 3 |  4- 6 || total
-------------------------+-------+-------++-------
Melee: Dagger            |     3 |     4 ||     7
 Cast: Magic Dart        |    64 |    45 ||   109
  Use: Scroll            |       |     6 ||     6
Armor: Leather armour    |       |     8 ||     8
Dodge: Dodged            |     5 |    10 ||    15

Table legend: (Time is in decaauts)
 A = Elapsed time spent in this place.
 B = Non-inter-level travel time spent in this place.
 C = Inter-level travel time spent in this place.
 D = Time resting spent in this place.
 E = Time spent auto-exploring this place.
 F = Levels seen in this place.
 G = Mean time per level.
                   A        B        C        D        E       F      G
               +--------+--------+--------+--------+--------+-----+--------+
         Total |   2095 |   2019 |     76 |      0 |   1704 |   3 |  698.3 |
       Dungeon |   2095 |   2019 |     76 |      0 |   1704 |   3 |  698.3 |
               +--------+--------+--------+--------+--------+-----+--------+

Top non-repeatable levels by time:
     D:1: 1076 daAuts
     D:2: 917 daAuts
     D:3: 101 daAuts
